 Dungeon Crawl Stone Soup version 0.31-a0-331-geda263fcf1 (console) character file.

Game seed: 14523944374169381474

57982 jejorda2 the Grappler (level 14, -2/114 HPs)
             Began as a Gnoll Berserker on July 19, 2023.
             Was an Elder of Trog.
             Slain by an acid blob (18 damage)
             ... on level 13 of the Dungeon.
             The game lasted 01:07:57 (22061 turns).

jejorda2 the Grappler (Gnoll Berserker)            Turns: 22061, Time: 01:07:57

Health: -2/114     AC: 21    Str: 25    XL:     14   Next: 88%
Magic:  27/27      EV: 27    Int: 10    God:    Trog [****..]
Gold:   1173       SH:  0    Dex: 16    Spells: 32/32 levels left

rFire   + . .        a - +3 lajatang (speed)
rCold   + . .        (shield currently unavailable)
rNeg    . . .        q - +0 plate armour {rF+}
rPois   .            T - +2 helmet {Int+3}
rElec   +            l - +2 cloak
rCorr   .            U - +1 pair of gloves of Marbles {rElec Str+5 Slay-2}
SInv    .            F - +0 pair of boots
Will    ++...        N - amulet of the acrobat Stlth
                     d - ring of protection from cold
HPRegen 0.39/turn    e - ring "Wokot" {*Corrode Fly Will+ Dex+3 Slay+4}
MPRegen 0.20/turn

%: corrode self (3%), acrobat
@: corroded, acrobatic, flying, hasted, very quick
A: fangs 1, strong nose, distributed training
a: Renounce Religion, Berserk, Trog's Hand, Brothers in Arms


You were on level 13 of the Dungeon.
You worshipped Trog.
Trog was greatly pleased with you.
You visited 2 branches of the dungeon, and saw 18 of its levels.
You also visited: Sewer and Gauntlet.

You collected 1204 gold pieces.
You spent 31 gold pieces at shops.

Inventory:

Hand Weapons
 a - a +3 lajatang of speed (weapon)
 w - a +5 battleaxe of venom
Missiles
 g - 14 boomerangs
 i - 73 poisoned darts (quivered)
 p - 5 atropa-tipped darts
 s - 4 curare-tipped darts
 H - 4 throwing nets
 Q - 6 silver javelins
Armour
 l - a +2 cloak (worn)
 q - a +0 plate armour of fire resistance (worn)
 F - a +0 pair of boots (worn)
 T - a +2 helmet of intelligence (worn)
 U - the +1 pair of gloves of Marbles (worn) {rElec Str+5 Slay-2}
   (You found it in a Gauntlet)

   Str:       It affects your strength (+5).
   Slay:      It affects your accuracy & damage with ranged weapons and melee
   (-2).
   rElec:     It insulates you from electricity.
Jewellery
 d - a ring of protection from cold (left hand)
 e - the ring "Wokot" (right hand) {*Corrode Fly Will+ Dex+3 Slay+4}
   (You found it on level 11 of the Dungeon)

   [ring of slaying]

   Dex:       It affects your dexterity (+3).
   Slay:      It affects your accuracy & damage with ranged weapons and melee
   (+4).
   Fly:       It grants you flight.
   *Corrode:  It may corrode you when you take damage.
   Will:      It increases your willpower.
 J - a +4 ring of protection
 K - the ring "Votazei" {Ice rElec rN++ Str-2 Slay+2}
   (You found it in a Gauntlet)

   [ring of ice]

   It enhances your ice magic.
   Str:       It affects your strength (-2).
   Slay:      It affects your accuracy & damage with ranged weapons and melee
   (+2).
   rF:        It makes you vulnerable to fire.
   rC:        It protects you from cold.
   rElec:     It insulates you from electricity.
   rN:        It greatly protects you from negative energy.
 N - an amulet of the acrobat (around neck)
Talismans
 v - a beast talisman
 B - a blade talisman
Wands
 b - a wand of flame (50)
 c - a wand of charming (4)
 r - a wand of mindburst (9)
 P - a wand of roots (7)
 R - a wand of polymorph (8)
Scrolls
 f - 3 scrolls of teleportation
 h - a scroll of poison
 m - 6 scrolls of immolation
 x - a scroll of butterflies
 C - a scroll of fog
 E - a scroll of fear
 X - 2 scrolls of enchant armour
Potions
 j - 2 potions of lignification
 k - 4 potions of mutation
 n - 4 potions of heal wounds
 o - 3 potions of ambrosia
 t - 4 potions of haste
 u - a potion of cancellation
 z - 2 potions of berserk rage
 A - 2 potions of resistance
 D - 2 potions of enlightenment
 G - 6 potions of curing
 L - 2 potions of might
 M - 3 potions of attraction
 S - 3 potions of invisibility
Miscellaneous
 O - a condenser vane
 V - a lightning rod (1/4)
 W - a piece from Xom's chessboard (15/15)
 Y - a phial of floods (inert)


   Skills:
 + Level 11.7 Fighting
 + Level 9.8 Short Blades
 + Level 9.8 Long Blades
 + Level 9.8 Axes
 + Level 9.8 Maces & Flails
 + Level 9.8 Polearms
 + Level 9.8 Staves
 + Level 9.8 Ranged Weapons
 + Level 9.8 Throwing
 + Level 10.8 Armour
 + Level 10.8 Dodging
 + Level 9.8 Stealth
 + Level 9.8 Shields
 + Level 11.7 Unarmed Combat
 + Level 9.8 Spellcasting
 + Level 8.2 Conjurations
 + Level 8.2 Hexes
 + Level 8.2 Summonings
 + Level 8.2 Necromancy
 + Level 8.2 Translocations
 + Level 8.2 Transmutations
 + Level 8.2 Fire Magic
 + Level 8.2 Ice Magic
 + Level 8.2 Air Magic
 + Level 8.2 Earth Magic
 + Level 8.2 Poison Magic
 + Level 10.6 Invocations
 + Level 9.8 Evocations
 + Level 8.2 Shapeshifting


You had 32 spell levels left.
You didn't know any spells.
Your spell library was empty.

Dungeon Overview and Level Annotations

Branches:
Dungeon (13/15)            Temple (0/1) D:7            Lair (5/5) D:8
 Shoals (0/4) Lair:3       Spider (0/4) Lair:2        Slime (0/5) Lair:5
    Orc (0/2) D:11         Vaults (0/5) D:13          Sewer (visited)
Gauntlet (visited)

Altars:
Ashenzari
Dithmenos
Elyvilon
Fedhas
Gozag
Hepliaklqana
Kikubaaqudgha
Nemelex Xobeh
Qazlal
Uskayaw
Wu Jian
Jiyva

Shops:
D:2 (   D:7 (   D:9 (   D:13 :

Annotations:
D:13 exclusion: door, GiantSquids's ghost, novice OpSh
Lair:5 1 runed translucent door


Innate Abilities, Weirdness & Mutations

You have very sharp teeth.
Your uncanny sense of smell can sniff out nearby items.
Your experience applies equally to all skills.


Message History

Your butterfly disappears in a burst of colours!
The azure jelly hits your butterfly.
Your butterfly dies!
Your butterfly disappears in a burst of colours!
You swap places.
Something hits your butterfly!
Your butterfly dies!
Your butterfly disappears in a burst of colours!
Something barely misses your butterfly. Something hits your butterfly.
Your butterfly dies!
Your butterfly disappears in a burst of colours!
Something hits your butterfly.
Your butterfly dies!
Your butterfly disappears in a burst of colours!
You are no longer corroded.
You feel yourself speed up. Something hits your butterfly!
Your butterfly dies!
Your butterfly disappears in a burst of colours!
The azure jelly hits your butterfly.
Your butterfly dies!
Your butterfly disappears in a burst of colours!
As you read the scroll of teleportation, it crumbles to dust.
You feel strangely unstable.
Something barely misses your butterfly. x3; Something hits your butterfly!
Your butterfly dies!
Your butterfly disappears in a burst of colours!
The azure jelly misses your butterfly.
The azure jelly barely misses your butterfly.
The azure jelly hits your butterfly!
Your butterfly dies!
Your butterfly disappears in a burst of colours!
Your surroundings suddenly seem different.
GiantSquids's ghost turns its malevolent gaze towards you.
The acid blob quivers. x2
There is an open door here.
The acid blob barely misses you. The acid blob spits acid at you.
The splash of acid hits you!
* * * LOW HITPOINT WARNING * * *
The acid corrodes you! The acid blob hits you!!
You die...

###[#### #.......#W##.##.##.#
.......# ##.#......##.##.##.#
.#..##.# #.##...#.##.......#
##.##### #.###W##.#######.## #.#
#........# #.# #.# #####.####
#.# #.# ##'## #####.#### ##.##
##.J.## #........# #...#####
##..@..## #.###.##.# ..∩.....#
##....J..###.##..##.#
#...###.####.........##.#...##.#
##.## #....'.........'.......#.#
#.# #.####.........##.#...##.#
#.# ### ##.......###.##.###.#
#.# ##.....## #.######.# #.###
##...## #........# #...#
########'## #.########


You could see 2 acid blobs and GiantSquids's ghost.

Vanquished Creatures
  2 acid blobs (D:13)
  A rockslime (D:13)
  An azure jelly (D:13)
  A minotaur (Gauntlet)
  Josephine (D:12)
  8 vault guards (D:13)
  Harold (D:9)
  A merfolk avatar (Lair:5)
  4 hydras
  A ghost crab (Gauntlet)
  A two-headed ogre (D:10)
  5 death yaks (Lair:4)
  A skyshark (Lair:3)
  2 sea snakes (Lair:5)
  2 slime creatures (D:13)
  4 harpies (Lair:3)
  An orc knight (D:11)
  An ugly thing (D:13)
  2 cyclopes
  A moth of wrath (Gauntlet)
  6 black mambas
  9 elephants (Lair:5)
  7 cane toads
  5 rime drakes
  11 komodo dragons
  4 kobold demonologists
  4 trolls
  3 polar bears (Lair:5)
  A burning bush (Lair:3)
  A hornet (shapeshifter) (D:13)
  Prince Ribbit (D:8)
  2 blink frogs
  2 hornets
  A snapping turtle (Lair:5)
  A culicivora (Lair:2)
  A vampire (D:12)
  A shadow (D:12)
  5 wraiths
  22 yaks
  5 wyverns
  7 basilisks
  4 steam dragons
  10 vampire mosquitoes
  4 acid dragons
  15 water moccasins
  3 black bears
  2 ice beasts (D:5)
  9 orc warriors
  A sky beast (D:6)
  3 ogres
  5 centaurs
  14 wolves
  14 kobold brigands
  12 bullfrogs
  A gnoll sergeant (D:7)
  3 scorpions
  16 wights
  6 killer bees (D:9)
  6 howler monkeys
  4 jellies
  10 orc priests
  A hound (D:4)
  A gnoll bouda (D:5)
  3 iguanas (D:5)
  7 orc wizards
  6 gnolls
  14 adders
  A river rat (D:4)
  4 shadow imps
  2 white imps
  3 ufetubi
  5 worms
  4 dart slugs
  35 orcs
  10 ball pythons
  7 bats
  14 endoplasms
  5 giant cockroaches
  5 goblins
  9 hobgoblins
  10 jackals
  34 kobolds
  4 quokkas
  6 frilled lizards
  10 rats
482 creatures vanquished.

Vanquished Creatures (collateral kills)
  An azure jelly (D:13)
  A yak (D:8)
  An ice beast (D:8)
  A centaur (D:8)
  A gnoll sergeant (D:8)
  A wight (D:8)
  2 orc priests (D:8)
  2 orcs (D:8)
  2 kobolds (D:8)
12 creatures vanquished.

Vanquished Creatures (others)
  A wizard (Gauntlet)
1 creature vanquished.

Grand Total: 495 creatures vanquished

Notes
Turn   | Place    | Note
-------+----------+-------------------------------------------
     0 | D:1      | jejorda2 the Gnoll Berserker began the quest for the Orb.
     0 | D:1      | Reached XP level 1. HP: 23/23 MP: 1/1
   156 | D:1      | Reached XP level 2. HP: 29/29 MP: 2/2
   263 | D:1      | Reached XP level 3. HP: 28/35 MP: 2/4
   305 | D:1      | Reached ** piety under Trog
   371 | D:1      | Reached skill level 1 in Invocations
   669 | D:2      | Reached skill level 1 in Short Blades
   669 | D:2      | Reached skill level 1 in Long Blades
   669 | D:2      | Reached skill level 1 in Axes
   669 | D:2      | Reached skill level 1 in Maces & Flails
   669 | D:2      | Reached skill level 1 in Polearms
   669 | D:2      | Reached skill level 1 in Staves
   669 | D:2      | Reached skill level 1 in Ranged Weapons
   669 | D:2      | Reached skill level 1 in Throwing
   669 | D:2      | Reached skill level 1 in Stealth
   669 | D:2      | Reached skill level 1 in Shields
   669 | D:2      | Reached skill level 1 in Spellcasting
   669 | D:2      | Reached skill level 1 in Evocations
   769 | D:2      | Reached XP level 4. HP: 37/41 MP: 5/5
   770 | D:2      | Found Pamu's Antique Weapon Emporium.
  1024 | D:2      | Reached skill level 1 in Conjurations
  1024 | D:2      | Reached skill level 1 in Hexes
  1024 | D:2      | Reached skill level 1 in Summonings
  1024 | D:2      | Reached skill level 1 in Necromancy
  1024 | D:2      | Reached skill level 1 in Translocations
  1024 | D:2      | Reached skill level 1 in Transmutations
  1024 | D:2      | Reached skill level 1 in Fire Magic
  1024 | D:2      | Reached skill level 1 in Ice Magic
  1024 | D:2      | Reached skill level 1 in Air Magic
  1024 | D:2      | Reached skill level 1 in Earth Magic
  1024 | D:2      | Reached skill level 1 in Poison Magic
  1024 | D:2      | Reached skill level 1 in Shapeshifting
  1762 | D:3      | Found an ornate altar of the Wu Jian Council.
  1766 | D:3      | Reached XP level 5. HP: 47/47 MP: 5/7
  1977 | D:3      | Found an opulent altar of Gozag.
  2352 | D:3      | Reached *** piety under Trog
  2882 | D:4      | Reached XP level 6. HP: 53/53 MP: 8/8
  2895 | D:4      | Found a glowing drain.
  2908 | Sewer    | Entered a sewer
  3037 | Sewer    | Reached skill level 5 in Armour
  3037 | Sewer    | Reached skill level 5 in Dodging
  3141 | Sewer    | Reached XP level 7. HP: 60/60 MP: 10/10
  3437 | Sewer    | Reached **** piety under Trog
  3856 | Sewer    | Reached XP level 8. HP: 67/67 MP: 12/12
  4110 | D:5      | Entered Level 5 of the Dungeon
  4946 | D:5      | Reached XP level 9. HP: 73/73 MP: 12/14
  5260 | D:5      | Found a white marble altar of Elyvilon.
  6134 | D:6      | Found a hazy altar of Hepliaklqana.
  6298 | D:7      | Reached skill level 5 in Invocations
  6376 | D:7      | Found a staircase to the Ecumenical Temple.
  6391 | D:7      | Found Joporiur's Weapon Shop.
  6404 | D:7      | Bought 2 curare-tipped darts for 31 gold pieces
  7167 | D:7      | Found a blossoming altar of Fedhas.
  7170 | D:7      | Found a broken altar of Ashenzari.
  7171 | D:7      | Found a stormy altar of Qazlal.
  7301 | D:8      | Found an ancient bone altar of Kikubaaqudgha.
  7325 | D:8      | Noticed Prince Ribbit
  7338 | D:8      | Killed Prince Ribbit
  7339 | D:8      | Reached XP level 10. HP: 65/80 MP: 15/17
  7519 | D:8      | Reached skill level 5 in Short Blades
  7519 | D:8      | Reached skill level 5 in Long Blades
  7519 | D:8      | Reached skill level 5 in Axes
  7519 | D:8      | Reached skill level 5 in Maces & Flails
  7519 | D:8      | Reached skill level 5 in Polearms
  7519 | D:8      | Reached skill level 5 in Staves
  7519 | D:8      | Reached skill level 5 in Ranged Weapons
  7519 | D:8      | Reached skill level 5 in Throwing
  7519 | D:8      | Reached skill level 5 in Stealth
  7519 | D:8      | Reached skill level 5 in Shields
  7519 | D:8      | Reached skill level 5 in Spellcasting
  7519 | D:8      | Reached skill level 5 in Evocations
  7697 | D:8      | Identified the +0 robe "Juxkeimu" {Rampage rPois Str-4}
  7942 | D:8      | Found a sparkling altar of Nemelex Xobeh.
  7983 | D:8      | Found a staircase to the Lair.
  8684 | D:9      | Noticed a cyclops
  8691 | D:9      | Killed a cyclops
  8793 | D:9      | Noticed Harold
  8812 | D:9      | Killed Harold
  9133 | D:9      | Reached XP level 11. HP: 87/87 MP: 19/19
  9316 | D:9      | Reached skill level 5 in Conjurations
  9316 | D:9      | Reached skill level 5 in Hexes
  9316 | D:9      | Reached skill level 5 in Summonings
  9316 | D:9      | Reached skill level 5 in Necromancy
  9316 | D:9      | Reached skill level 5 in Translocations
  9316 | D:9      | Reached skill level 5 in Transmutations
  9316 | D:9      | Reached skill level 5 in Fire Magic
  9316 | D:9      | Reached skill level 5 in Ice Magic
  9316 | D:9      | Reached skill level 5 in Air Magic
  9316 | D:9      | Reached skill level 5 in Earth Magic
  9316 | D:9      | Reached skill level 5 in Poison Magic
  9316 | D:9      | Reached skill level 5 in Shapeshifting
  9486 | D:9      | Found Judewypturph's Weapon Boutique.
  9520 | D:10     | Entered Level 10 of the Dungeon
  9527 | D:10     | Noticed a two-headed ogre
  9536 | D:10     | Killed a two-headed ogre
  9830 | D:10     | Found a hide-covered altar of Uskayaw.
 10120 | D:10     | Noticed a sun demon
 10679 | D:11     | Found a staircase to the Orcish Mines.
 10691 | D:11     | Noticed an orc knight
 11681 | D:11     | Killed an orc knight
 11835 | D:11     | Identified the ring "Wokot" {*Corrode Fly Will+ Dex+3
                  | Slay+4}
 11913 | D:11     | Noticed a cyclops
 11923 | D:11     | Killed a cyclops
 12313 | D:12     | Found an opulent altar of Gozag.
 12334 | D:12     | Reached XP level 12. HP: 65/97 MP: 15/22
 12354 | D:12     | Found a gate leading to a gauntlet.
 12382 | Gauntlet | Entered a Gauntlet
 12382 | Gauntlet | Found a transporter.
 12454 | Gauntlet | Found a transporter.
 12469 | Gauntlet | Found a transporter.
 12471 | Gauntlet | Noticed a ghost crab
 12474 | Gauntlet | Found a transporter.
 12482 | Gauntlet | Noticed a hell hog
 12489 | Gauntlet | Found a transporter.
 12505 | Gauntlet | Found a transporter.
 12520 | Gauntlet | Found a transporter.
 12521 | Gauntlet | Noticed a reaper
 12532 | Gauntlet | Found a transporter.
 12544 | Gauntlet | Found a transporter.
 12547 | Gauntlet | Noticed a ghost crab
 12552 | Gauntlet | Noticed a green death
 12556 | Gauntlet | Found a transporter.
 12573 | Gauntlet | Found a transporter.
 12591 | Gauntlet | Found a transporter.
 12593 | Gauntlet | Found a transporter.
 12620 | Gauntlet | Found a transporter.
 12640 | Gauntlet | Found a transporter.
 12718 | Gauntlet | Found a transporter.
 12762 | Gauntlet | Found a transporter.
 12843 | Gauntlet | Found a transporter.
 12957 | Gauntlet | Killed a ghost crab
 12989 | Gauntlet | Identified the ring "Votazei" {Ice rElec rN++ Str-2 Slay+2}
 13043 | Gauntlet | Noticed a minotaur
 13054 | Gauntlet | Killed a minotaur
 13184 | Gauntlet | Identified the +1 pair of gloves of Marbles {rElec Str+5
                  | Slay-2}
 13239 | D:12     | Noticed Josephine
 13248 | D:12     | Killed Josephine
 13250 | D:12     | Reached skill level 10 in Fighting
 13250 | D:12     | Reached skill level 10 in Unarmed Combat
 13736 | D:12     | Identified a scroll of acquirement
 13738 | D:12     | Acquired a +3 lajatang of speed
 13784 | D:12     | Identified the +8 rapier "Vupla" {antimagic, rC+}
 14114 | Lair:1   | Entered Level 1 of the Lair of Beasts
 14743 | Lair:1   | Reached ***** piety under Trog
 15020 | Lair:2   | Noticed a four-headed hydra
 15032 | Lair:2   | Killed a four-headed hydra
 15063 | Lair:2   | Found a hole to the Spider Nest.
 15238 | Lair:2   | Noticed a six-headed hydra
 15252 | Lair:2   | Killed a six-headed hydra
 15253 | Lair:2   | Reached XP level 13. HP: 77/104 MP: 16/25
 15392 | Lair:2   | Received a gift from Trog
 15769 | Lair:2   | You are sucked into a shaft and drop 1 floor!
 16418 | Lair:3   | Found a staircase to the Shoals.
 17709 | Lair:4   | Found a shadowy altar of Dithmenos.
 17944 | Lair:4   | Reached skill level 10 in Armour
 17944 | Lair:4   | Reached skill level 10 in Dodging
 18391 | Lair:5   | Entered Level 5 of the Lair of Beasts
 18671 | Lair:5   | Reached XP level 14. HP: 80/113 MP: 25/27
 18958 | Lair:5   | Received a gift from Trog
 19158 | Lair:5   | Reached skill level 10 in Invocations
 20075 | Lair:5   | Found a runed translucent door.
 20078 | Lair:5   | Found a viscous altar of Jiyva.
 20078 | Lair:5   | Found a staircase to the Slime Pits.
 20078 | Lair:5   | Noticed an acid blob
 20078 | Lair:5   | Noticed an acid blob
 21074 | D:13     | Found a gate to the Vaults.
 21120 | D:13     | Found a runed translucent gate.
 21120 | D:13     | Found a runed translucent gate.
 21120 | D:13     | Found a runed translucent gate.
 21122 | D:13     | Noticed an azure jelly
 21122 | D:13     | Noticed an azure jelly
 21122 | D:13     | Noticed a rockslime
 21123 | D:13     | Noticed an acid blob
 21123 | D:13     | Noticed an azure jelly
 21123 | D:13     | Noticed an acid blob
 21123 | D:13     | Noticed an acid blob
 21124 | D:13     | Noticed GiantSquids's ghost (novice OpSh)
 21124 | D:13     | Noticed an acid blob
 21126 | D:13     | Noticed a quicksilver ooze
 21126 | D:13     | Noticed an acid blob
 21126 | D:13     | Noticed an azure jelly
 21128 | D:13     | Found a viscous altar of Jiyva.
 21178 | D:13     | Found Lirus's Book Shop.
 21734 | D:13     | Killed a rockslime
 21737 | D:13     | Killed an acid blob
 21738 | D:13     | Killed an acid blob
 21928 | D:13     | Killed an azure jelly
 21954 | D:13     | Killed an azure jelly
 22061 | D:13     | Slain by an acid blob

Illustrated notes

Levels and vault maps discovered:
D:1:      dpeg_arrival_rooms_with_view, layout_rooms,
          chequers_serial_rivers_micro_c
D:2:      layout_basic, serial_shops, shop, minmay_misc_feat_tower,
          grunt_decor_clamped, minmay_puff
D:3:      layout_loops_ring, mainiacjoe_overflow_cross_hatched,
          mainiacjoe_overflow_six_doors_small
D:4:      layout_rooms, portal_sewer_entry_e
D:5:      kb_forest_paths, layout_basic, general_overflow_altar,
          minmay_joined_circles
D:6:      layout_rooms, worldfamousw_hep_ancestral_shrine
D:7:      layout_loops_ring, gammafunk_temple_overflow_forgotten,
          minmay_temple_entry_arrows, serial_shops, nicolae_stop_n_shop_1
D:8:      layout_loops_ring, nicolae_kikubaaqudgha_miasma_corner,
          mainiacjoe_overflow_chevrons, lair_entry_dummy,
          minmay_alternating_orb, uniq_prince_ribbit1
D:9:      layout_long_grid, serial_shops, shop, uniq_harold
D:10:     layout_long_grid, mainiacjoe_overflow_brackets
D:11:     layout_basic, david_orc_5
D:12:     layout_basic, gauntlet_entry_generic, grunt_gozag_statues,
          uniq_josephine
D:13:     layout_loops_corners, erik_vaults_2, serial_shops, shop,
          gammafunk_ghost_ooze
Lair:1:   layout_loops_ring, serial_rivers, chequers_serial_rivers_room_a,
          chequers_serial_rivers_large_a, chequers_serial_rivers_marsh,
          chequers_serial_rivers_room_a, grunt_megastairs_1
Lair:2:   layout_regular_city, spider_nest_entry_rubble
Lair:3:   layout_layer_cave, nicolae_shoals_entry_roost, evilmike_ambush
          [evilmike_ambush_outer_basic, evilmike_ambush_inner_basic],
          serial_bayou_shore_b
Lair:4:   layout_layer_cave, basic_altar, lemuel_fruit_tree, lemuel_fruit_fields
Lair:5:   gammafunk_lair_ancient_temple, layout_small_grid, slime_entry_2

Skill      XL: |  1  2  3  4  5  6  7  8  9 10 11 12 13 14 |
---------------+-------------------------------------------+-----
Invocations    | 1 2 3 4 5 6 7 8 9 10 | 10.6
Short Blades   | 1 2 3 4 5 7 8 9 |  9.8
Long Blades    | 1 2 3 4 5 7 8 9 |  9.8
Axes           | 1 2 3 4 5 7 8 9 |  9.8
Maces & Flails | 1 2 3 4 5 7 8 9 |  9.8
Polearms       | 1 2 3 4 5 7 8 9 |  9.8
Staves         | 1 2 3 4 5 7 8 9 |  9.8
Ranged Weapons | 1 2 3 4 5 7 8 9 |  9.8
Throwing       | 1 2 3 4 5 7 8 9 |  9.8
Stealth        | 1 2 3 4 5 7 8 9 |  9.8
Shields        | 1 2 3 4 5 7 8 9 |  9.8
Spellcasting   | 1 2 3 4 5 7 8 9 |  9.8
Evocations     | 1 2 3 4 5 7 8 9 |  9.8
Conjurations   | 1 2 3 4 5 6 7 8 |  8.2
Hexes          | 1 2 3 4 5 6 7 8 |  8.2
Summonings     | 1 2 3 4 5 6 7 8 |  8.2
Necromancy     | 1 2 3 4 5 6 7 8 |  8.2
Translocations | 1 2 3 4 5 6 7 8 |  8.2
Transmutations | 1 2 3 4 5 6 7 8 |  8.2
Fire Magic     | 1 2 3 4 5 6 7 8 |  8.2
Ice Magic      | 1 2 3 4 5 6 7 8 |  8.2
Air Magic      | 1 2 3 4 5 6 7 8 |  8.2
Earth Magic    | 1 2 3 4 5 6 7 8 |  8.2
Poison Magic   | 1 2 3 4 5 6 7 8 |  8.2
Shapeshifting  | 1 2 3 4 5 6 7 8 |  8.2
Armour         | 5 6 7 8 9 10 | 10.8
Dodging        | 5 6 7 8 9 10 | 10.8
Fighting       | 7 8 9 10 11 | 11.7
Unarmed Combat | 7 8 9 10 11 | 11.7

Action                     |  1- 3 |  4- 6 |  7- 9 | 10-12 | 13-15 || total
---------------------------+-------+-------+-------+-------+-------++-------
  Melee: Unarmed           |    82 |   200 |   410 |    89 |    12 ||   793
         Punch             |     1 |     4 |    25 |     6 |     3 ||    39
         Bite              |     4 |    11 |    50 |    57 |    93 ||   215
         Battleaxe         |       |       |       |   359 |       ||   359
         Lajatang          |       |       |       |   110 |   568 ||   678
  Throw: Dart              |       |       |     5 |     5 |    51 ||    61
 Invoke: Berserk           |     1 |     1 |     9 |    13 |     4 ||    28
         Trog's Hand       |       |       |     4 |     8 |     5 ||    17
         Brothers in Arms  |       |       |       |     1 |     1 ||     2
Ability: Begin Untransform |       |       |     2 |       |       ||     2
  Evoke: Lightning rod     |       |       |       |       |     3 ||     3
         Phial of floods   |       |       |       |       |     1 ||     1
    Use: Scroll            |       |    14 |     4 |    14 |    11 ||    43
         Potion            |       |       |       |     2 |     2 ||     4
   Stab: Sleeping          |       |       |       |       |     3 ||     3
         Distracted        |       |       |       |       |     2 ||     2
 Armour: Animal skin       |     9 |       |       |       |       ||     9
         Plate armour      |    31 |   102 |   217 |   361 |    18 ||   729
         Chain mail        |       |       |       |   153 |   214 ||   367
  Dodge: Dodged            |    21 |    55 |   123 |   392 |   308 ||   899
   Form: Blade             |       |       |     1 |       |       ||     1
         Beast             |       |       |     1 |       |       ||     1

Table legend: (Time is in decaauts)
 A = Elapsed time spent in this place.
 B = Non-inter-level travel time spent in this place.
 C = Inter-level travel time spent in this place.
 D = Time resting spent in this place.
 E = Time spent auto-exploring this place.
 F = Levels seen in this place.
 G = Mean time per level.
                   A        B        C        D        E       F      G
               +--------+--------+--------+--------+--------+-----+--------+
         Total |  22205 |  21287 |    918 |   1755 |  15287 |  20 | 1110.2 |
       Dungeon |  14171 |  13436 |    735 |   1378 |   9337 |  13 | 1090.1 |
          Lair |   6041 |   5858 |    183 |     89 |   4843 |   5 | 1208.2 |
         Sewer |   1138 |   1138 |      0 |    104 |    710 |   1 | 1138.0 |
      Gauntlet |    853 |    853 |      0 |    183 |    396 |   1 |  853.0 |
               +--------+--------+--------+--------+--------+-----+--------+

Top non-repeatable levels by time:
    D:11: 1863 daAuts
  Lair:4: 1688 daAuts
     D:5: 1583 daAuts
    D:13: 1543 daAuts
  Lair:5: 1499 daAuts
     D:9: 1424 daAuts
    D:10: 1203 daAuts
  Lair:3: 1201 daAuts
   Sewer: 1138 daAuts
     D:2: 1062 daAuts
     D:7: 1007 daAuts
     D:8: 994 daAuts
  Lair:1: 898 daAuts
     D:3: 879 daAuts
Gauntlet: 853 daAuts
